 Dungeon Crawl Stone Soup version 0.32-a0-132-g2d33c3cfaf (webtiles) character file.

Game seed: 11064459279092508387

25967 jasper the Fighter (level 12, -13/84 HPs)
             Began as a Deep Elf Alchemist on Feb 9, 2024.
             Was an Elder of Vehumet.
             Mangled by a tyrant leech (26 damage)
             ... on level 2 of the Lair of Beasts.
             The game lasted 00:35:08 (16786 turns).

jasper the Fighter (Deep Elf Alchemist)            Turns: 16786, Time: 00:35:09

Health: -13/84     AC: 13    Str:  5    XL:     12   Next: 94%
Magic:  16/21      EV: 12    Int: 28    God:    Vehumet [****..]
Gold:   993        SH:  5    Dex: 15    Spells: 1/21 levels left

rFire   . . .        c - +1 dagger (venom)
rCold   . . .        d - +0 buckler
rNeg    . . .        q - +0 steam dragon scales
rPois   .            (no helmet)
rElec   .            h - +2 cloak
rCorr   .            (no gloves)
SInv    .            M - +0 pair of boots of Hedge Wizardry {*Corrode +Blink Will+ Int+2}
Will    ++...        (no amulet)
Stlth   ++           p - +4 ring of protection
HPRegen 0.34/turn    (no ring)
MPRegen 0.17/turn

%: corrode self (3%)
@: no status effects
A: no striking features
a: Renounce Religion, Evoke Blink


You were on level 2 of the Lair of Beasts.
You worshipped Vehumet.
Vehumet was greatly pleased with you.
You visited 4 branches of the dungeon, and saw 15 of its levels.
You also visited: Bailey.

You collected 993 gold pieces.

Inventory:

Hand Weapons
 c - a +1 dagger of venom (weapon)
 m - a +1 falchion of holy wrath
 n - a +2 whip of freezing
 H - a -1 demon whip of venom
Missiles
 o - 4 atropa-tipped darts
 E - 2 throwing nets
Armour
 a - a +1 robe
 d - a +0 buckler (worn)
 h - a +2 cloak (worn)
 l - a +1 robe of fire resistance
 q - +0 steam dragon scales (worn)
 t - the +2 robe of Resilience {^Contam Fly rF+ Stlth+}
   (You found it on level 8 of the Dungeon)

   rF+:       It protects you from fire.
   Fly:       It grants you flight.
   ^Contam:   It causes magical contamination when unequipped.
   Stlth+:    It makes you more stealthy.
 u - a +1 pair of boots
 y - a +2 robe of fire resistance
 M - the +0 pair of boots of Hedge Wizardry (worn) {*Corrode +Blink Will+ Int+2}
   (You found it on level 2 of the Lair of Beasts)

   Int+2:     It affects your intelligence (+2).
   Will+:     It increases your willpower.
   +Blink:    It lets you blink.
   *Corrode:  It may corrode you when you take damage.
Magical Staves
 z - a staff of conjuration
Jewellery
 p - a +4 ring of protection (left hand)
Wands
 A - a wand of iceblast (12)
 C - a wand of paralysis (9)
 J - a wand of quicksilver (2)
Scrolls
 e - 3 scrolls of fog
 f - 2 scrolls of identify
 s - 2 scrolls of revelation
 w - 8 scrolls of teleportation
 x - a scroll of enchant weapon
 D - 4 scrolls of enchant armour
 G - 2 scrolls of fear
 K - a scroll of immolation
Potions
 g - 3 potions of lignification
 i - 3 potions of might
 j - a potion of ambrosia
 k - 3 potions of attraction
 r - a potion of curing
 v - a potion of enlightenment
 B - 2 potions of brilliance
 F - a potion of cancellation
 I - 2 potions of degeneration


   Skills:
 - Level 13.0 Fighting
 - Level 4.0 Dodging
 - Level 2.4 Stealth
 + Level 3.7 Shields
 - Level 5.2 Spellcasting
 - Level 7.0 Conjurations
 - Level 8.0 Hexes
 - Level 7.0 Summonings
 - Level 5.0 Fire Magic
 - Level 2.0 Air Magic
 - Level 7.0 Earth Magic
 - Level 6.4 Alchemy


You had one spell level left.
You knew the following spells:

 Your Spells              Type           Power      Damage    Failure   Level
a - Sting                 Conj/Alch      100%       1d9       1%          1
b - Mephitic Cloud        Conj/Alch/Air  36%        N/A       1%          3
c - Olgreb's Toxic Radia  Alch           43%        N/A       2%          4
d - Sticky Flame          Fire/Alch      39%        2d8       3%          4
e - Summon Mana Viper     Hex/Summ       49%        N/A       14%         5
f - Stone Arrow           Conj/Erth      92%        3d12      1%          3

Your spell library contained the following spells:

 Spells                   Type           Power      Damage    Failure   Level
 Sandblast                Erth           92%        2d19      1%          1
 Necrotise                Necr           28%        1d5       12%         1
 Mercury Vapours          Alch/Air       60%        N/A       1%          2
 Inner Flame              Hex/Fire       43%        N/A       1%          3
 Flame Wave               Conj/Fire      40%        2d11      2%          4
 Cigotuvi's Dreadful Rot  Necr/Alch/Air  46%        N/A       5%          2
 Irradiate                Conj/Alch      22%        3d19      5%          5
 Summon Ice Beast         Ice/Summ       26%        N/A       9%          3
 Martyr's Knell           Necr/Summ      26%        N/A       26%         4
 Gell's Gravitas          Tloc           7%         N/A       34%         3
 Teleport Other           Tloc           7%         N/A       34%         3
 Vampiric Draining        Necr           7%         2d6       34%         3
 Dispel Undead            Necr           7%         3d8       75%         4
 Curse of Agony           Necr           7%         N/A       97%         5
 Monstrous Menagerie      Summ           23%        N/A       99%         7
 Death Channel            Necr           3%         N/A       100%        6
 Dispersal                Tloc           3%         N/A       100%        6
 Ozocubu's Refrigeration  Ice            3%         4d8       100%        7
 Discord                  Hex            25%        N/A       100%        8
 Ignition                 Fire           17%        3d7       100%        8
 Fire Storm               Conj/Fire      20%        8d5       100%        9


Dungeon Overview and Level Annotations

Branches:
Dungeon (11/15)            Temple (1/1) D:7            Lair (2/5) D:10
  Swamp (0/4) Lair:2          Orc (1/2) D:9          Bailey (visited)
  Snake: Lair:2-3    Spider: Lair:2-3

Altars:
Ashenzari
Cheibriados
Dithmenos
Elyvilon
Fedhas
Gozag
Hepliaklqana
Kikubaaqudgha
Makhleb
Nemelex Xobeh
Okawaru
Qazlal
Ru
Sif Muna
Trog
Uskayaw
Vehumet
Wu Jian
Xom
Yredelemnul
Zin
The Shining One

Annotations:
Lair:1 exclusion: oklob plant


Message History

The tyrant leech misses you. The tyrant leech closely misses you.
You hit the tyrant leech but do no damage.
The tyrant leech is almost dead.
The tyrant leech bites you.
The tyrant leech draws strength from your injuries!
You take 6 damage, and have 35/84 hp.
You closely miss the tyrant leech.
The tyrant leech is severely wounded.
The tyrant leech bites you but does no damage.
The tyrant leech bites you!
The tyrant leech draws strength from your injuries!
You take 6 damage, and have 29/84 hp.
Aiming: Stone Arrow (safe; 1% risk of failure)
Press: ? - help, Q - select action, (/) - cycle Shift-Dir - straight line, f/p - tyrant leech
Aim: a tyrant leech (severely wounded, very poisoned, 60% to hit)
The stone arrow misses the tyrant leech.
The tyrant leech bites you but does no damage.
You now have 0/21 mp.
You barely miss the tyrant leech.
The tyrant leech is severely wounded.
The tyrant leech closely misses you. The tyrant leech bites you!
* * * LOW HITPOINT WARNING * * *
The tyrant leech draws strength from your injuries!
You take 11 damage, and have 18/84 hp.
You feel much better. The tyrant leech bites you!
The tyrant leech draws strength from your injuries!
The tyrant leech bites you but does no damage.
You regained 12 hp, and now have 30/84 hp.
Magic courses through your body. The tyrant leech bites you!!
* * * LOW HITPOINT WARNING * * *
The tyrant leech draws strength from your injuries!
You take 18 damage, and have 12/84 hp.
MASSIVE DAMAGE!!
You regained 19 mp, and now have 19/21 mp.
Aiming: Stone Arrow (safe; 1% risk of failure)
Press: ? - help, Q - select action, (/) - cycle Shift-Dir - straight line, f/p - tyrant leech
Aim: a tyrant leech (heavily wounded, very poisoned, 60% to hit)
The stone arrow hits the tyrant leech!!
The tyrant leech is almost dead.
The tyrant leech barely misses you. The tyrant leech bites you!!
You die...

## #####
###.##.#P####
.....#
#...........##
P.....#
#..?.w@......##
#.....
.....♣♣w♣♣.....##
#.... ...
♣~§♣♣.....#####...
.
~§§§♣.......#.....
≈§§§§♣####.........
♣♣§§§♣♣ ##........
♣♣§♣♣ #...##....
♣♣♣♣. #...##P...
... ##..P##..#


You could see 2 tyrant leeches.

Vanquished Creatures
  2 vault guards (Bailey)
  A centaur warrior (D:8)
  3 two-headed ogres
  A catoblepas (Lair:1)
  Amaemon (D:11)
  Pikel (D:5)
  Maurice (D:8)
  3 elephants (Lair:2)
  An orange demon (D:11)
  2 cane toads (Lair:1)
  A rime drake (Lair:1)
  5 komodo dragons (Lair:1)
  6 trolls
  Prince Ribbit (D:7)
  A blink frog (Bailey)
  3 hornets
  A vampire (D:10)
  2 shadows
  6 wyverns
  A wraith (D:11)
  2 basilisks
  3 wargs
  20 yaks
  5 steam dragons
  4 vampire mosquitoes (D:11)
  5 humans (Bailey)
  6 water moccasins
  12 orc warriors
  A sky beast (D:7)
  2 ice beasts
  2 ogres
  11 wolves
  5 centaurs
  A phantom (D:5)
  A kobold brigand (D:6)
  3 lemures (D:5)
  3 scorpions
  7 bullfrogs
  A gnoll sergeant (D:11)
  23 killer bees
  4 electric eels
  4 howler monkeys
  A bombardier beetle (D:6)
  2 jellies (D:5)
  8 orc priests
  Crazy Yiuf (D:5)
  4 hounds
  2 sleepcaps
  Terence (D:3)
  13 orc wizards
  6 gnolls
  2 adders
  A shadow imp (D:6)
  A white imp (D:5)
  2 dart slugs
  A ribbon worm (D:3)
  70 orcs
  4 endoplasms
  2 giant cockroaches (D:4)
  11 goblins
  3 hobgoblins
  7 jackals
  10 kobolds
  3 quokkas
  6 ball pythons
  3 bats (D:1)
  3 frilled lizards
  3 rats
338 creatures vanquished.

Vanquished Creatures (collateral kills)
  A two-headed ogre (Orc:1)
  4 wargs (Orc:1)
  An orc warrior (Orc:1)
  2 orc wizards (Orc:1)
8 creatures vanquished.

Grand Total: 346 creatures vanquished

Notes
Turn   | Place    | Note
-------+----------+-------------------------------------------
     0 | D:1      | jasper the Deep Elf Alchemist began the quest for the Orb.
     0 | D:1      | Reached XP level 1. HP: 10/10 MP: 6/6
   165 | D:1      | Reached skill level 1 in Fighting
   238 | D:1      | Reached XP level 2. HP: 16/16 MP: 4/8
   766 | D:2      | Reached skill level 2 in Fighting
  1112 | D:2      | Found a hazy altar of Hepliaklqana.
  1288 | D:2      | Reached XP level 3. HP: 21/21 MP: 1/9
  1389 | D:2      | Learned a level 3 spell: Mephitic Cloud
  1580 | D:2      | Reached skill level 1 in Air Magic
  2261 | D:3      | Reached XP level 4. HP: 26/26 MP: 8/10
  2467 | D:3      | Noticed Terence
  2479 | D:3      | Killed Terence
  2760 | D:3      | HP: 1/26 [frozen (2)]
  3169 | D:3      | Found a glowing silver altar of Zin.
  3315 | D:4      | Reached XP level 5. HP: 22/30 MP: 4/11
  3323 | D:4      | Learned a level 4 spell: Olgreb's Toxic Radiance
  4222 | D:5      | Entered Level 5 of the Dungeon
  4280 | D:5      | Reached skill level 5 in Alchemy
  4362 | D:5      | Found a hazy altar of Hepliaklqana.
  4441 | D:5      | Noticed a water moccasin
  4470 | D:5      | Reached XP level 6. HP: 35/35 MP: 6/12
  4607 | D:5      | Reached skill level 3 in Fighting
  4684 | D:5      | Noticed Pikel
  4723 | D:5      | Killed Pikel
  4724 | D:5      | Reached skill level 5 in Fighting
  4724 | D:5      | Reached XP level 7. HP: 27/44 MP: 5/13
  5018 | D:6      | Noticed a steam dragon
  5036 | D:6      | Killed a steam dragon
  5037 | D:6      | Reached skill level 6 in Fighting
  5037 | D:6      | Reached XP level 8. HP: 32/51 MP: 3/14
  5153 | D:6      | Learned a level 4 spell: Sticky Flame
  5250 | D:6      | Reached skill level 1 in Fire Magic
  5323 | D:6      | Found a burning altar of Makhleb.
  5637 | D:6      | Reached skill level 5 in Fire Magic
  5924 | D:7      | Reached skill level 7 in Fighting
  6099 | D:7      | Reached XP level 9. HP: 50/57 MP: 4/15
  6108 | D:7      | Found a staircase to the Ecumenical Temple.
  6119 | Temple   | Entered the Ecumenical Temple
  6128 | Temple   | Became a worshipper of Vehumet
  6430 | D:5      | Reached skill level 8 in Fighting
  6836 | D:5      | Found a runed translucent door.
  6837 | D:5      | Noticed Crazy Yiuf
  6846 | D:5      | Killed Crazy Yiuf
  7241 | D:7      | Noticed Prince Ribbit
  7313 | D:7      | Killed Prince Ribbit
  7419 | D:7      | Reached skill level 9 in Fighting
  7889 | D:8      | Got the Catalogue of Grey Arson
  7917 | D:8      | Noticed a centaur warrior
  7941 | D:8      | Killed a centaur warrior
  7942 | D:8      | Reached skill level 10 in Fighting
  8101 | D:8      | Noticed a troll
  8120 | D:8      | Killed a troll
  8121 | D:8      | Reached XP level 10. HP: 46/68 MP: 3/16
  8362 | D:8      | Identified the +2 robe of Resilience {^Contam Fly rF+
                  | Stlth+}
  8417 | D:8      | Reached skill level 11 in Fighting
  8524 | D:8      | Found a flagged portal.
  8533 | Bailey   | Entered a bailey
  8702 | Bailey   | Reached * piety under Vehumet
  8702 | Bailey   | Offered knowledge of Magic Dart by Vehumet.
  8847 | Bailey   | Noticed a vault guard
  8857 | Bailey   | Killed a vault guard
  8858 | Bailey   | Reached skill level 12 in Fighting
  8939 | Bailey   | Noticed a vault guard
  8996 | Bailey   | Killed a vault guard
  9280 | D:8      | Noticed Maurice
  9286 | D:8      | Something stole a staff of conjuration
  9289 | D:8      | Paralysed by something for 3 turns
  9328 | D:8      | Paralysed by something for 3 turns
  9338 | D:8      | Paralysed by something for 4 turns
  9339 | D:8      | Killed Maurice
  9340 | D:8      | Reached XP level 11. HP: 77/77 MP: 2/17
  9722 | D:9      | Reached skill level 13 in Fighting
  9976 | D:9      | Reached skill level 5 in Spellcasting
  9986 | D:9      | Learned a level 5 spell: Summon Mana Viper
 10036 | D:9      | Offered knowledge of Momentum Strike by Vehumet.
 10037 | D:9      | Reached skill level 1 in Hexes
 10037 | D:9      | Reached skill level 1 in Summonings
 10269 | D:9      | Reached ** piety under Vehumet
 10596 | D:9      | Found a staircase to the Orcish Mines.
 10605 | D:9      | Offered knowledge of Hailstorm by Vehumet.
 10798 | D:9      | Noticed a two-headed ogre
 10837 | D:9      | Killed a two-headed ogre
 10838 | D:9      | Reached skill level 5 in Hexes
 11094 | D:10     | Entered Level 10 of the Dungeon
 11157 | D:10     | Reached *** piety under Vehumet
 11165 | D:10     | Reached skill level 5 in Summonings
 11205 | D:10     | Noticed a two-headed ogre
 11234 | D:10     | Killed a two-headed ogre
 11298 | Orc:1    | Entered Level 1 of the Orcish Mines
 11691 | Orc:1    | Noticed a two-headed ogre
 11703 | Orc:1    | Killed a two-headed ogre
 11891 | Orc:1    | Offered knowledge of Frozen Ramparts by Vehumet.
 12263 | Orc:1    | Reached **** piety under Vehumet
 12266 | Orc:1    | Reached XP level 12. HP: 69/84 MP: 1/21
 12862 | D:10     | Offered knowledge of Stone Arrow by Vehumet.
 12867 | D:10     | Learned a level 3 spell: Stone Arrow
 13094 | D:10     | Found a staircase to the Lair.
 13169 | D:11     | Reached skill level 1 in Earth Magic
 13418 | D:11     | Noticed Amaemon
 13430 | D:11     | Killed Amaemon
 13437 | D:11     | HP: 4/84 [poisoned by Amaemon]
 13442 | D:11     | HP: 1/84 [poisoned by Amaemon]
 13706 | D:11     | Noticed a two-headed ogre
 13725 | D:11     | Killed a two-headed ogre
 13968 | D:11     | Reached skill level 5 in Conjurations
 13989 | D:11     | Reached skill level 5 in Earth Magic
 14618 | Lair:1   | Entered Level 1 of the Lair of Beasts
 14975 | Lair:1   | Noticed a catoblepas
 14982 | Lair:1   | Killed a catoblepas
 15314 | Lair:1   | Reached skill level 1 in Shields
 16730 | Lair:2   | Identified the +0 pair of boots of Hedge Wizardry {*Corrode
                  | +Blink Will+ Int+2}
 16768 | Lair:2   | Found a staircase to the Swamp.
 16786 | Lair:2   | Mangled by a tyrant leech

Illustrated notes

Levels and vault maps discovered:
D:1:      dpeg_arrival_erosion, layout_rooms
D:2:      layout_basic, basic_altar, minmay_gold_behind_fungi,
          chequers_big_river
D:3:      layout_basic, mainiacjoe_overflow_alcove_1, uniq_terence
D:4:      minmay_evil_eye, layout_basic, chequers_serial_rivers_room_a
D:5:      layout_basic, minmay_door_square, minmay_ruined_shrine,
          uniq_crazy_yiuf_cottage, uniq_pikel
D:6:      layout_basic, mainiacjoe_overflow_paths
D:7:      layout_loops_ring, minmay_temple_entry_gardened_gates,
          amcnicky_mini_pool_medium, uniq_prince_ribbit1
D:8:      layout_basic, enter_bailey_8, kennysheep_windowed_goal, uniq_maurice
D:9:      layout_small_grid, minmay_orc_entry_temple_small, special_room
          [special_room_orc], st_stairs_3
D:10:     layout_rooms, erik_lair_orcish_takeover
D:11:     layout_rooms, uniq_amaemon
Temple:   nicolae_temple_bog_church
Lair:1:   minmay_lair_oklob_chamber, layout_gridlike,
          chequers_serial_rivers_small_3
Lair:2:   layout_concentric_octagons, minmay_swamp_entry_worms, basic_altar,
          grunt_megastairs_3, lemuel_fruit_fields
Orc:1:    layout_caves, nooodl_orcs_dogs

Skill      XL: |  1  2  3  4  5  6  7  8  9 10 11 12 |
---------------+-------------------------------------+-----
Fighting       | 1 2 5 6 7 10 12 13 | 13.0
Air Magic      | 1 2 |  2.0
Conjurations   | 2 7 |  7.0
Alchemy        | 4 5 6 |  6.4
Fire Magic     | 5 |  5.0
Spellcasting   | 5 |  5.2
Hexes          | 8 |  8.0
Summonings     | 7 |  7.0
Dodging        | 4 |  4.0
Earth Magic    | 7 |  7.0
Shields        | 3 |  3.7
Stealth        | |  2.4

Action                     |  1- 3 |  4- 6 |  7- 9 | 10-12 || total
---------------------------+-------+-------+-------+-------++-------
  Melee: Dagger            |    13 |    19 |   113 |   217 ||   362
         Punch             |     1 |     1 |     7 |    24 ||    33
         Falchion          |       |    10 |       |     3 ||    13
   Cast: Sting             |    60 |    85 |    25 |    41 ||   211
         Olgreb's Toxic Ra |       |     3 |    38 |   109 ||   150
         Sticky Flame      |       |       |     6 |    11 ||    17
         Mephitic Cloud    |       |       |       |    10 ||    10
         Summon Mana Viper |       |       |       |     6 ||     6
         Stone Arrow       |       |       |       |   108 ||   108
  Evoke: Wand              |       |       |       |     8 ||     8
    Use: Scroll            |     7 |     7 |     5 |    10 ||    29
         Potion            |     1 |       |     3 |     7 ||    11
   Stab: Invisible         |       |       |     2 |       ||     2
         Confused          |       |       |       |     1 ||     1
         Distracted        |       |       |       |     1 ||     1
 Armour: Robe              |    13 |    35 |     9 |       ||    57
         Skin              |     4 |       |       |       ||     4
         Steam dragon scal |       |       |   138 |   409 ||   547
  Dodge: Dodged            |    15 |    33 |   100 |   306 ||   454

Table legend: (Time is in decaauts)
 A = Elapsed time spent in this place.
 B = Non-inter-level travel time spent in this place.
 C = Inter-level travel time spent in this place.
 D = Time resting spent in this place.
 E = Time spent auto-exploring this place.
 F = Levels seen in this place.
 G = Mean time per level.
                   A        B        C        D        E       F      G
               +--------+--------+--------+--------+--------+-----+--------+
         Total |  16789 |  16222 |    567 |   1375 |  12114 |  16 | 1049.3 |
       Dungeon |  12858 |  12365 |    493 |   1015 |   9196 |  11 | 1168.9 |
        Temple |     18 |      1 |     17 |      0 |      0 |   1 |   18.0 |
          Lair |   2070 |   2036 |     34 |      0 |   1811 |   2 | 1035.0 |
  Orcish Mines |   1187 |   1165 |     22 |    166 |    861 |   1 | 1187.0 |
        Bailey |    654 |    654 |      0 |    194 |    246 |   1 |  654.0 |
               +--------+--------+--------+--------+--------+-----+--------+

Top non-repeatable levels by time:
  Lair:1: 1874 daAuts
     D:9: 1442 daAuts
    D:11: 1435 daAuts
     D:2: 1367 daAuts
     D:5: 1341 daAuts
     D:8: 1209 daAuts
   Orc:1: 1187 daAuts
     D:7: 1144 daAuts
     D:3: 1085 daAuts
     D:4: 1049 daAuts
     D:6: 1005 daAuts
    D:10: 931 daAuts
     D:1: 845 daAuts
  Bailey: 654 daAuts
  Lair:2: 196 daAuts
